 Dungeon Crawl Stone Soup version 0.28-a0-425-gd0eccab798 (webtiles) character file.

Game seed: 10169599490573104663

973 dolemite99 the Spear-Bearer (level 7, -1/57 HPs)
             Began as a Minotaur Gladiator on Sept 10, 2021.
             Was a High Priest of Jiyva.
             Slain by an orc warrior (18 damage)
             ... in a bailey.
             The game lasted 00:07:19 (6208 turns).

dolemite99 the Spear-Bearer (Minotaur Gladiator)    Turns: 6208, Time: 00:07:19

Health: -1/57      AC: 10    Str: 17    XL:     7   Next: 94%
Magic:  1/6        EV:  7    Int: 10    God:    Jiyva [*****.]
Gold:   63         SH:  0    Dex: 10    Spells: 6/6 levels left

rFire   . . .      SeeInvis .   a - +0 trident
rCold   . . .      Faith    .   (no shield)
rNeg    . . .      Spirit   .   o - +4 chain mail {rPois}
rPois   +          Reflect  .   c - +0 hat
rElec   .          Harm     .   (no cloak)
rCorr   +          Rampage  .   l - +1 pair of gloves
Will    .....                   (no boots)
Stlth   ..........              (no amulet)
HPRegen 0.19/turn               (no ring)
MPRegen 0.10/turn               (no ring)

@: mighty, flying (expiring)
A: horns 2, retaliatory headbutt, pseudopods 2, jelly sensing items, jelly
absorbing missiles
a: Renounce Religion, Request Jelly, Slimify, Cure Bad Mutation


You were in a bailey.
You worshipped Jiyva.
Jiyva was extremely pleased with you.
You visited 1 branch of the dungeon, and saw 7 of its levels.
You also visited: Bailey.

You collected 63 gold pieces.

Inventory:

Hand Weapons
 a - a +0 trident (weapon)
 k - a +1 dire flail of protection
Missiles
 d - 3 throwing nets
 e - 24 boomerangs (quivered)
 g - 215 stones
 i - 40 poisoned darts
 m - 25 arrows
Armour
 b - a +0 leather armour
 c - a +0 hat (worn)
 f - a +0 ring mail
 j - a +0 scale mail
 l - a +1 pair of gloves (worn)
 o - a +4 chain mail of poison resistance (worn)
Scrolls
 h - a scroll of immolation
 n - a scroll of identify {@r1}
 p - a scroll of fear
Potions
 r - 3 potions of flight


   Skills:
 + Level 3.2 Fighting
 - Level 11.1 Polearms
 - Level 2.0 Throwing
 - Level 3.2 Dodging


You had 6 spell levels left.
You didn't know any spells.
Your spell library contained the following spells:

 Spells                   Type           Power      Damage    Failure   Level
 Sublimation of Blood     Necr           0%         N/A       100%        2
 Call Canine Familiar     Summ           0%         N/A       100%        3
 Portal Projectile        Hex/Tloc       0%         N/A       100%        3
 Leda's Liquefaction      Hex/Erth       0%         N/A       100%        4
 Petrify                  Tmut/Erth      0%         N/A       100%        4
 Irradiate                Conj/Tmut      0%         3d13      100%        5


Dungeon Overview and Level Annotations

Branches:
Dungeon (7/15)             Temple (0/1) D:6          Bailey (1/1)

Altars:
Ashenzari
Elyvilon
Makhleb
Vehumet
Wu Jian
Jiyva

Annotations:
D:2 1 runed translucent door, Crazy Yiuf


Innate Abilities, Weirdness & Mutations

You have a pair of horns on your head.
You reflexively headbutt those who attack you in melee.
Armour fits poorly on your large pseudopods.
You have a small jelly attached to you that senses nearby items.
You have a small jelly attached to you that may absorb incoming projectiles.


Message History

You reach to attack!
You hit the orc warrior but do no damage.
You reach to attack!
You hit the orc warrior.
The orc warrior is lightly wounded.
You are starting to lose your buoyancy.
The orc warrior hits you with a +0 broad axe.
You barely miss the orc warrior.
The orc warrior is lightly wounded.
The orc warrior hits you with a +0 broad axe!
You closely miss the orc warrior.
The orc warrior is lightly wounded.
You hit the orc warrior.
The orc warrior is moderately wounded.
The orc warrior barely misses you.
You closely miss the orc warrior. Your headbutt misses the orc warrior.
The orc warrior is moderately wounded.
The orc warrior barely misses you.
You barely miss the orc warrior. Your headbutt misses the orc warrior.
You bludgeon the orc warrior.
The orc warrior is moderately wounded.
The orc warrior hits you with a +0 broad axe.
You closely miss the orc warrior.
You headbutt the orc warrior, but do no damage.
The orc warrior is moderately wounded.
The goblin hits you but does no damage.
You hit the orc warrior but do no damage.
Your headbutt misses the orc warrior. You bludgeon the orc warrior.
The orc warrior is heavily wounded.
The orc warrior hits you with a +0 broad axe!
You closely miss the orc warrior. Your bludgeon misses the orc warrior.
The orc warrior is heavily wounded.
The goblin barely misses you.
The orc warrior hits you with a +0 broad axe!
* * * LOW HITPOINT WARNING * * *
You feel very mighty all of a sudden. The goblin closely misses you.
You furiously retaliate!
You headbutt the goblin.
You kill the goblin!
The orc warrior hits you with a +0 broad axe!!
You die...

##.......###
##..∩......####
#.............####
#≈≈≈≈≈≈≈≈≈........###
≈≈≈≈≈≈≈≈≈≈≈≈≈.......##
≈#########≈≈≈≈≈......##
∩#.ogK.g.#∩≈≈≈≈≈≈≈....###
##.oog...####)÷≈≈J≈≈≈≈≈≈###
####'####..#÷..@.≈≈≈≈≈≈≈≈≈≈
... ^...###.o)...#≈≈≈≈≈≈#
###..'∆#.)(..#########
#o.###.......#
#.K#.)..⌠)....#
##(#...).....##
#...........##
.............####
.#############


You could see an orc warrior and a neutral jelly (wandering) (fellow slime).

Vanquished Creatures
  Edmund (D:5)
  A water moccasin (D:6)
  A sky beast (D:7)
  An ice beast (D:7)
  An ogre (D:5)
  2 wights (D:6)
  A centaur zombie (D:7)
  2 bullfrog zombies (D:6)
  3 orc priests
  2 hounds
  A centaur skeleton (D:6)
  Jessica (D:3)
  A killer bee zombie (D:5)
  Robin (D:2)
  A howler monkey zombie (D:6)
  7 gnolls
  3 adders
  A white imp (D:6)
  A worm (D:5)
  12 orcs
  3 ball pythons
  2 bats
  2 giant cockroaches
  14 goblins
  11 hobgoblins
  2 jackals (D:4)
  18 kobolds
  A quokka (D:4)
  A frilled lizard (D:2)
98 creatures vanquished.

Vanquished Creatures (others)
  A two-headed ogre (D:6)
  Sigmund (D:3)
  A centaur (D:7)
  A phantom (D:5)
  2 kobold brigands (D:4)
  2 scorpions
  A water moccasin zombie (D:6)
  A wight (D:6)
  22 jellies
  3 hounds
  2 gnoll shamans
  A bullfrog skeleton (D:6)
  Ijyb (D:5)
  2 adders
  16 gnolls
  A shadow imp (D:6)
  An ufetubus (D:6)
  A worm (D:4)
  9 orcs
  A bat (D:1)
  2 goblins (D:4)
  5 hobgoblins
  A jackal (D:4)
  38 kobolds
  2 quokkas
  3 ball pythons
  A frilled lizard (D:1)
  A rat (D:1)
123 creatures vanquished.

Grand Total: 221 creatures vanquished

Notes
Turn   | Place    | Note
-------+----------+-------------------------------------------
     0 | D:1      | dolemite99 the Minotaur Gladiator began the quest for the
                  | Orb.
     0 | D:1      | Reached XP level 1. HP: 18/18 MP: 0/0
    54 | D:1      | Found a faded altar of an unknown god.
   101 | D:1      | Became a worshipper of Jiyva Jolypumi the Shapeless
   101 | D:1      | Reached * piety under Jiyva
   112 | D:1      | Reached skill level 4 in Polearms
   763 | D:2      | Noticed Robin
   768 | D:2      | Reached XP level 2. HP: 23/25 MP: 1/1
  1162 | D:2      | Reached skill level 5 in Polearms
  1178 | D:2      | Killed Robin
  1179 | D:2      | Reached XP level 3. HP: 25/30 MP: 2/2
  1544 | D:2      | Found a runed translucent door.
  1545 | D:2      | Noticed Crazy Yiuf
  1882 | D:3      | Reached ** piety under Jiyva
  1936 | D:3      | Found a white marble altar of Elyvilon.
  1936 | D:3      | Found a burning altar of Makhleb.
  1963 | D:3      | Noticed Jessica
  1967 | D:3      | Killed Jessica
  1968 | D:3      | Reached skill level 6 in Polearms
  1968 | D:3      | Reached XP level 4. HP: 37/37 MP: 3/3
  2047 | D:3      | Noticed Sigmund
  2050 | D:3      | Killed Sigmund
  2414 | D:4      | Found a broken altar of Ashenzari.
  2545 | D:4      | Reached skill level 7 in Polearms
  2545 | D:4      | Reached XP level 5. HP: 25/42 MP: 4/4
  2802 | D:4      | Reached *** piety under Jiyva
  2802 | D:4      | Gained mutation: You have a small jelly attached to you
                  | that senses nearby items. [Jiyva's grace]
  3041 | D:4      | Reached **** piety under Jiyva
  3075 | D:4      | Gained mutation: Armour fits poorly on your pseudopods.
                  | [Jiyva's grace]
  3656 | D:5      | Entered Level 5 of the Dungeon
  3748 | D:5      | Killed a phantom
  3917 | D:5      | Noticed an ogre
  3919 | D:5      | Noticed Edmund
  3922 | D:5      | Killed an ogre
  3923 | D:5      | Reached skill level 8 in Polearms
  3923 | D:5      | Reached XP level 6. HP: 37/50 MP: 5/5
  3969 | D:5      | Killed Edmund
  3970 | D:5      | Reached skill level 9 in Polearms
  4279 | D:5      | Killed Ijyb
  4564 | D:5      | Found a radiant altar of Vehumet.
  4782 | D:5      | Found an ornate altar of the Wu Jian Council.
  5028 | D:6      | Reached XP level 7. HP: 56/56 MP: 6/6
  5230 | D:6      | Reached skill level 10 in Polearms
  5250 | D:6      | Gained mutation: You have a small jelly attached to you
                  | that may absorb incoming projectiles. [Jiyva's grace]
  5344 | D:6      | Reached ***** piety under Jiyva
  5369 | D:6      | Noticed a two-headed ogre
  5370 | D:6      | Killed a two-headed ogre
  5630 | D:6      | Found a staircase to the Ecumenical Temple.
  5805 | D:7      | Gained mutation: Armour fits poorly on your large
                  | pseudopods. [Jiyva's grace]
  5818 | D:7      | Reached skill level 11 in Polearms
  5922 | D:7      | Found a flagged portal.
  5931 | Bailey   | Entered a bailey
  5937 | Bailey   | Noticed an orc knight
  6208 | Bailey   | Slain by an orc warrior

Illustrated notes

Levels and vault maps discovered:
D:1:      matt_arrival_los_fun, layout_loops_ring,
          shapermc_ecumenical_altar_totnotflames
D:2:      layout_basic, uniq_robin, uniq_crazy_yiuf_cottage
D:3:      layout_basic, mainiacjoe_overflow_large_starburst, uniq_sigmund,
          uniq_jessica
D:4:      minmay_goblin_kobold_castle, layout_gridville,
          cheibrodos_ashenzari_chains
D:5:      layout_loops_corners, lemuel_coloured_pillars_altar,
          minmay_ruined_shrine, uniq_edmund, uniq_ijyb
D:6:      layout_rooms, temple_hall, minmay_chambers_of_fives
D:7:      layout_basic, enter_bailey_6
Bailey:   bailey_axe_4, bailey

Skill      XL: |  1  2  3  4  5  6  7 |
---------------+----------------------+-----
Polearms       | 4 5 6 7 8 9 11 | 11.1
Fighting       | 3 |  3.2
Throwing       | |  2.0
Dodging        | |  3.2

Action                   |  1- 3 |  4- 6 |  7- 9 || total
-------------------------+-------+-------+-------++-------
Melee: Trident           |    44 |    84 |    85 ||   213
       Headbutt          |     7 |    11 |    13 ||    31
       Pseudopods        |       |     8 |    10 ||    18
Throw: Boomerang         |    16 |     6 |    82 ||   104
Invok: Request Jelly     |       |     4 |     3 ||     7
  Use: Potion            |       |     4 |     2 ||     6
       Scroll            |       |     2 |       ||     2
Armor: Leather armour    |     2 |       |       ||     2
       Ring mail         |    11 |    17 |       ||    28
       Chain mail        |       |     5 |    41 ||    46
       Scale mail        |       |     5 |       ||     5
Dodge: Dodged            |    29 |    54 |    34 ||   117

Table legend: (Time is in decaauts)
 A = Elapsed time spent in this place.
 B = Non-inter-level travel time spent in this place.
 C = Inter-level travel time spent in this place.
 D = Time resting spent in this place.
 E = Time spent auto-exploring this place.
 F = Levels seen in this place.
 G = Mean time per level.
                   A        B        C        D        E       F      G
               +--------+--------+--------+--------+--------+-----+--------+
         Total |   6212 |   5984 |    228 |    740 |   4258 |   8 |  776.5 |
       Dungeon |   5927 |   5699 |    228 |    660 |   4209 |   7 |  846.7 |
        Bailey |    284 |    284 |      0 |     80 |     48 |   1 |  284.0 |
               +--------+--------+--------+--------+--------+-----+--------+

Top non-repeatable levels by time:
     D:5: 1259 daAuts
     D:4: 1254 daAuts
     D:6: 824 daAuts
     D:2: 819 daAuts
     D:3: 814 daAuts
     D:1: 778 daAuts
  Bailey: 284 daAuts
     D:7: 176 daAuts
